 Dungeon Sprint DCSS version 0.30-a0-1161-g0704695555 (webtiles) character file.

Game seed: 1991443486312628130

0 sircluck the Chopper (level 1, -2/20 HPs)
             Began as a Hill Orc Berserker on Apr 27, 2023.
             Was a Follower of Trog.
             Slain by a river rat (7 damage)
             ... in the Dungeon (Sprint IV: "Fedhas' Mad Dash").
             The game lasted 00:00:04 (15 turns).

sircluck the Chopper (Hill Orc Berserker)             Turns: 15, Time: 00:00:04

Health: -2/20      AC:  2    Str: 19    XL:     1   Next: 10%
Magic:  1/1        EV: 12    Int:  7    God:    Trog [*.....]
Gold:   0          SH:  0    Dex: 10    Spells: 0/0 levels left

rFire   . . .        a - +0 hand axe
rCold   . . .        (no shield)
rNeg    . . .        b - +0 animal skin
rPois   .            (no helmet)
rElec   .            (no cloak)
rCorr   .            (no gloves)
SInv    .            (no boots)
Will    .....        (no amulet)
Stlth   +            (no ring)
HPRegen 0.23/turn    (no ring)
MPRegen 0.07/turn

%: no teleportation
@: no status effects
A: no striking features
a: Renounce Religion, Berserk


You were in the Dungeon.
You worshipped Trog.
Trog was aware of your devotion.
You visited 1 branch

Inventory:

Hand Weapons
 a - a +0 hand axe (weapon)
Armour
 b - a +0 animal skin (worn)
Scrolls
 h - a scroll of blinking
Potions
 c - a potion of curing
 d - a potion of heal wounds
 e - a potion of haste
 f - 2 potions of magic
 g - a potion of berserk rage


   Skills:
 + Level 3.8 Fighting
 + Level 4.2 Axes
 + Level 2.2 Armour
 + Level 1.6 Dodging


You couldn't memorise any spells.
You didn't know any spells.
Your spell library was empty.

Dungeon Overview and Level Annotations

Branches:
Dungeon (1/1)

Altars:


Message History

Found a mace.
There is an open door here.
You hit the river rat but do no damage. The river rat closely misses you.
You closely miss the river rat. The river rat barely misses you.
You closely miss the river rat. You hit the rat.
You kill the rat!
Trog accepts your kill. The river rat barely misses you.
You hit the river rat.
The river rat is moderately wounded.
The river rat misses you.
You hit the river rat but do no damage.
The river rat is moderately wounded.
The river rat bites you.
You barely miss the river rat.
The river rat is moderately wounded.
The river rat misses you.
You hit the river rat but do no damage.
The river rat is moderately wounded.
The river rat bites you.
You hit the river rat.
The river rat is heavily wounded.
The river rat bites you!
* * * LOW HITPOINT WARNING * * *
You are too injured to fight recklessly!
You are too injured to fight recklessly!
You are too injured to fight recklessly!
You are too injured to fight recklessly!
You are too injured to fight recklessly!
You are too injured to fight recklessly!
You are too injured to fight recklessly!
You are too injured to fight recklessly!
You are too injured to fight recklessly!
You closely miss the river rat.
The river rat is heavily wounded.
The river rat barely misses you.
You hit the river rat but do no damage.
The river rat is heavily wounded.
The river rat bites you!
You die...

############
#<..P#.†...#
#PP..'@r...+
#PPPP#.....#
############


You could see a river rat.

Vanquished Creatures
  A rat (D)
1 creature vanquished.

Notes
Turn   | Place    | Note
-------+----------+-------------------------------------------
     0 | D        | sircluck the Hill Orc Berserker began the quest for the
                  | Orb.
     0 | D        | Reached XP level 1. HP: 19/19 MP: 1/1
    15 | D        | Slain by a river rat

Illustrated notes

Levels and vault maps discovered:
D:        dungeon_sprint_fedhas [sprint_temple]

Action                     || total
---------------------------++-------
  Melee: Hand axe          ||    10
  Dodge: Dodged            ||     6

Table legend: (Time is in decaauts)
 A = Elapsed time spent in this place.
 B = Non-inter-level travel time spent in this place.
 C = Inter-level travel time spent in this place.
 D = Time resting spent in this place.
 E = Time spent auto-exploring this place.
 F = Levels seen in this place.
 G = Mean time per level.
                   A        B        C        D        E       F      G
               +--------+--------+--------+--------+--------+-----+--------+
         Total |     15 |     15 |      0 |      0 |      3 |   1 |   15.0 |
       Dungeon |     15 |     15 |      0 |      0 |      3 |   1 |   15.0 |
               +--------+--------+--------+--------+--------+-----+--------+

Top non-repeatable levels by time:
       D: 15 daAuts
